 Dungeon Crawl Stone Soup version 0.30.1-11-g7821555f0a (webtiles) character file.

Game seed: 6496558263047806451

2426 lonewolfV2 the Fighter (level 9, -2/89 HPs)
             Began as a Minotaur Fighter on Nov 9, 2023.
             Was an Initiate of Qazlal.
             Shot with a sling bullet by Joseph (14 damage)
             ... on level 7 of the Dungeon.
             The game lasted 00:07:08 (6304 turns).

lonewolfV2 the Fighter (Minotaur Fighter)           Turns: 6304, Time: 00:07:08

Health: -2/89      AC: 15    Str: 20    XL:     9   Next: 24%
Magic:  17/17      EV: 11    Int: 12    God:    Qazlal [......]
Gold:   304        SH:  7    Dex: 18    Spells: 8/8 levels left

rFire   x . .        m - +6 flail "Rux Mum" {holy, Dex+3}
rCold   . . .        A - +2 buckler
rNeg    . . .        C - +0 plate armour
rPois   .            p - +0 hat {Int+3}
rElec   +            n - +0 cloak
rCorr   .            (no gloves)
SInv    .            (no boots)
Will    .....        (no amulet) Stlth
                     s - ring of wizardry
HPRegen 0.34/turn    y - ring of Damuph {rElec rF- MP+9 EV+5 Int+4}
MPRegen 0.15/turn

%: wizardry (x1)
@: no status effects
A: horns 2, retaliatory headbutt
a: Renounce Religion


You were on level 7 of the Dungeon.
You worshipped Qazlal.
Qazlal was noncommittal.
You visited 2 branches of the dungeon, and saw 8 of its levels.

You collected 304 gold pieces.

Inventory:

Hand Weapons
 a - a +0 war axe of protection
 m - the +6 flail "Rux Mum" (weapon) {holy, Dex+3}
   (You found it on level 2 of the Dungeon)

   Dex:       It affects your dexterity (+3).
Missiles
 k - 2 throwing nets (quivered)
Armour
 c - a +1 buckler
 n - a +0 cloak (worn)
 p - a +0 hat of intelligence (worn)
 A - a +2 buckler (worn)
 C - a +0 plate armour (worn)
Jewellery
 h - an amulet of regeneration
 s - a ring of wizardry (left hand)
 y - the ring of Damuph (right hand) {rElec rF- MP+9 EV+5 Int+4}
   (You found it on level 4 of the Dungeon)

   [ring of evasion]

   EV:        It affects your evasion (+5).
   Int:       It affects your intelligence (+4).
   rF:        It makes you vulnerable to fire.
   rElec:     It insulates you from electricity.
   MP:        It affects your magic capacity (+9).
 z - a ring of magical power
Wands
 j - a wand of flame (18)
 x - a wand of digging (7)
Scrolls
 b - 2 scrolls of enchant armour
 f - 7 scrolls of teleportation
 g - 2 scrolls of fear
 o - 2 scrolls of immolation
 q - a scroll of amnesia
 v - 2 scrolls of blinking
 w - a scroll of brand weapon
Potions
 d - a potion of might
 e - 2 potions of brilliance
 i - 3 potions of mutation
 l - 2 potions of degeneration
 r - 2 potions of heal wounds
 t - a potion of haste
 u - a potion of flight
 B - 2 potions of curing


   Skills:
 - Level 11.3 Fighting
 - Level 2.4(4.9) Axes
 * Level 6.7(6.9) Maces & Flails
 - Level 8.6 Armour
 - Level 3.6 Shields


You had 8 spell levels left.
You didn't know any spells.
Your spell library contained the following spells:

 Spells                   Type           Power      Damage    Failure   Level
 Inner Flame              Hex/Fire       0%         N/A       100%        3
 Yara's Violent Unravell  Hex/Tmut       0%         3d3       100%        5
 Enfeeble                 Hex            0%         N/A       100%        7


Dungeon Overview and Level Annotations

Branches:
Dungeon (7/15)             Temple (1/1) D:7

Altars:
Ashenzari
Cheibriados
Dithmenos
Fedhas
Gozag
Hepliaklqana
Kikubaaqudgha
Makhleb
Okawaru
Qazlal
Ru
Sif Muna
Trog
Vehumet
Wu Jian
Xom
Zin
The Shining One

Annotations:
D:7 Joseph


Innate Abilities, Weirdness & Mutations

You have a pair of horns on your head.
You reflexively headbutt those who attack you in melee.


Message History

The puff of flame hits Joseph.
Joseph is lightly wounded.
Joseph says, "You will never get the ORB, sorry."
Joseph shoots a sling bullet.
The sling bullet hits you but does no damage.
Aiming: Throw Flame
Press: ? - help, Q - select action, (/) - cycle Shift-Dir - straight line, f/p - Joseph
Aim: Joseph, wielding a +0 sling and wearing a +0 leather armour (lightly wounded, 68% to hit)
The puff of flame hits Joseph!
Joseph is moderately wounded.
Joseph shoots a sling bullet.
The sling bullet hits you.
* * * LOW HITPOINT WARNING * * *
You hear an angry buzzing noise. x2
Aiming: Throw Flame
Press: ? - help, Q - select action, (/) - cycle Shift-Dir - straight line, f/p - Joseph
Aim: Joseph, wielding a +0 sling and wearing a +0 leather armour (moderately wounded, 68% to hit)
The puff of flame misses Joseph.
Joseph shoots a sling bullet.
The sling bullet hits you!
* * * LOW HITPOINT WARNING * * *
Aiming: Throw Flame
Press: ? - help, Q - select action, (/) - cycle Shift-Dir - straight line, f/p - Joseph
Aim: Joseph, wielding a +0 sling and wearing a +0 leather armour (moderately wounded, 68% to hit)
The puff of flame hits Joseph.
Joseph is moderately wounded.
Joseph shoots a sling bullet.
The sling bullet hits you.
* * * LOW HITPOINT WARNING * * *
Aiming: Throw Flame
Press: ? - help, Q - select action, (/) - cycle Shift-Dir - straight line, f/p - Joseph
Aim: Joseph, wielding a +0 sling and wearing a +0 leather armour (moderately wounded, 68% to hit)
The puff of flame hits Joseph.
Joseph is heavily wounded.
You hear an angry buzzing noise.
A killer bee comes into view.
Aiming: Throw Flame
Press: ? - help, Q - select action, (/) - cycle Shift-Dir - straight line, f/p - Joseph
Aim: Joseph, wielding a +0 sling and wearing a +0 leather armour (heavily wounded, 68% to hit)
The puff of flame hits Joseph!
Joseph is heavily wounded.
Joseph shoots a sling bullet.
The sling bullet hits you!
You die...

.......# .......##
#..........# )..(....#
#<.........# ........##
#..........# .........#
#.....$....#
.........## #.........#
..........###.........#
.....>......##..†.....#
..........#.....@.....#
...........##........##
...........####......#
...........# #......#
..........# #.....##
........... #.#...#
.......... #@#####
##.!... #y#


You could see Joseph and a killer bee.

Vanquished Creatures
  Prince Ribbit (D:7)
  A water moccasin (D:3)
  A black bear (D:5)
  An orc warrior (D:7)
  3 ice beasts
  3 ogres
  3 centaurs
  A phantom (D:6)
  A bullfrog (D:6)
  5 wights (D:7)
  4 scorpions
  2 howler monkeys
  2 hounds
  A jelly (D:5)
  An orc priest (D:6)
  An iguana (D:6)
  6 orc wizards
  6 adders
  A shadow imp (D:6)
  A white imp (D:6)
  An ufetubus (D:4)
  2 worms
  A dart slug (D:1)
  14 orcs
  4 ball pythons
  4 bats
  8 endoplasms
  3 giant cockroaches
  5 goblins
  4 hobgoblins
  4 jackals (D:2)
  5 kobolds
  2 quokkas
  5 frilled lizards
  3 rats
110 creatures vanquished.

Vanquished Creatures (others)
  An orc wizard (D:7)
1 creature vanquished.

Grand Total: 111 creatures vanquished

Notes
Turn   | Place    | Note
-------+----------+-------------------------------------------
     0 | D:1      | lonewolfV2 the Minotaur Fighter began the quest for the
                  | Orb.
     0 | D:1      | Reached XP level 1. HP: 19/19 MP: 0/0
   116 | D:1      | Reached skill level 4 in Fighting
   319 | D:1      | Reached XP level 2. HP: 24/28 MP: 1/1
   685 | D:2      | Reached skill level 5 in Fighting
   691 | D:2      | Reached XP level 3. HP: 32/36 MP: 2/2
   813 | D:2      | Identified the +6 flail "Rux Mum" {holy, Dex+3}
  1501 | D:3      | Found a shimmering blue altar of Sif Muna.
  1614 | D:3      | Found an ancient bone altar of Kikubaaqudgha.
  1824 | D:3      | Reached skill level 6 in Fighting
  1824 | D:3      | Reached XP level 4. HP: 40/44 MP: 3/3
  1843 | D:3      | Noticed a water moccasin
  1852 | D:3      | Killed a water moccasin
  1853 | D:3      | Reached skill level 7 in Fighting
  1853 | D:3      | Reached XP level 5. HP: 24/52 MP: 4/4
  3188 | D:4      | Identified the ring of Damuph {rElec rF- MP+9 EV+5 Int+4}
  3401 | D:5      | Entered Level 5 of the Dungeon
  3427 | D:5      | Reached skill level 8 in Fighting
  3447 | D:5      | Noticed an ice beast
  3448 | D:5      | Reached XP level 6. HP: 7/61 MP: 5/5
  3454 | D:5      | Killed an ice beast
  3888 | D:5      | Reached skill level 9 in Fighting
  3980 | D:5      | Reached XP level 7. HP: 48/71 MP: 6/6
  4055 | D:5      | Found a sacrificial altar of Ru.
  4197 | D:5      | Reached skill level 10 in Fighting
  4313 | D:5      | Reached skill level 11 in Fighting
  4637 | D:6      | Reached XP level 8. HP: 39/82 MP: 7/7
  4641 | D:6      | Reached skill level 5 in Armour
  4918 | D:6      | Identified the staff of air "Patucip" {rElec rPois rF+}
  5214 | D:6      | Identified the +0 leather armour of Pantheism {+Blink}
  5819 | D:7      | Noticed Prince Ribbit
  5852 | D:7      | Killed Prince Ribbit
  5948 | D:7      | Found a staircase to the Ecumenical Temple.
  6024 | Temple   | Entered the Ecumenical Temple
  6057 | Temple   | Became a worshipper of Qazlal Stormbringer
  6090 | D:7      | Reached XP level 9. HP: 60/89 MP: 8/8
  6097 | D:7      | Reached skill level 5 in Maces & Flails
  6291 | D:7      | Noticed Joseph
  6304 | D:7      | Shot with a sling bullet by Joseph

Illustrated notes

Levels and vault maps discovered:
D:1:      amcnicky_arrival_flooded_fountain, layout_basic,
          minmay_misc_feat_alley, minivault_24
D:2:      layout_loops_ring, mrwooster_statue_mirror
D:3:      layout_basic, old_standard_altar, overflow_temple_1_default,
          kennysheep_generic_room_5
D:4:      layout_rooms, palyth_stone_intersect
D:5:      layout_loops_ring, mainiacjoe_overflow_catwalk, grunt_ministairs_14
D:6:      layout_cave_pools
D:7:      layout_cave_pods, temple_hall, enter_bailey_7, uniq_prince_ribbit1,
          uniq_joseph
Temple:   lightli_temple_of_artemis

Skill      XL: |  1  2  3  4  5  6  7  8  9 |
---------------+----------------------------+-----
Fighting       | 4 5 6 7 8 9 11 | 11.3
Armour         | 4 8 |  8.6
Maces & Flails | 4 6 |  6.7
Axes           | |  2.4
Shields        | |  3.6

Action                     |  1- 3 |  4- 6 |  7- 9 || total
---------------------------+-------+-------+-------++-------
  Melee: War axe           |    53 |       |       ||    53
         Flail             |    20 |    64 |   126 ||   210
         Headbutt          |     3 |    10 |    25 ||    38
  Evoke: Wand              |       |       |     8 ||     8
    Use: Scroll            |     8 |     9 |     1 ||    18
         Potion            |       |     3 |     1 ||     4
 Armour: Scale mail        |    55 |       |       ||    55
         Chain mail        |     2 |    32 |    61 ||    95
         Plate armour      |       |       |    18 ||    18
  Dodge: Dodged            |    52 |    27 |   108 ||   187
  Block: Buckler           |    26 |    24 |    52 ||   102
